 Dungeon Crawl Stone Soup version 0.31.0-9-g3a7656b989 (webtiles) character file.

Game seed: 13541269970432121522

170 qw the Ducker (level 5, 0/26 HPs)
             Began as a Spriggan Hunter on Feb 2, 2024.
             Slain by Pargi (7 damage)
             ... on level 4 of the Dungeon.
             The game lasted 00:00:08 (2300 turns).

qw the Ducker (Spriggan Hunter)                     Turns: 2300, Time: 00:00:08

Health: 0/26       AC:  2    Str:  7    XL:     5   Next: 25%
Magic:  6/6        EV: 20    Int: 11    God:
Gold:   176        SH:  0    Dex: 20    Spells: 4/4 levels left

rFire   . . .        a - +1 shortbow
rCold   . . .        (shield currently unavailable)
rNeg    . . .        c - +0 robe
rPois   .            (helmet restricted)
rElec   .            (no cloak)
rCorr   +            (gloves unavailable)
SInv    +            (boots unavailable)
Will    .....        (no amulet)
Stlth   ++           d - ring of resist corrosion
HPRegen 0.24/turn    (no ring)
MPRegen 0.10/turn

%: no passive effects
@: very quick
A: very small, no large weapons, unfitting armour, see invisible, speed 3
a: no special abilities


You were on level 4 of the Dungeon.
You visited 1 branch of the dungeon, and saw 4 of its levels.

You collected 176 gold pieces.


Innate Abilities, Weirdness & Mutations

You are very small and have problems with some larger weapons.
You are too small for most types of armour.
You have supernaturally acute eyesight. (SInv)
You cover ground extremely quickly. (Speed+++)


   Skills:
 - Level 2.2 Fighting
 + Level 5.0 Ranged Weapons
 - Level 5.5 Dodging
 - Level 1.5 Stealth


You had 4 spell levels left.
You didn't know any spells.
Your spell library was empty.

Inventory:

Hand Weapons
 a - a +1 shortbow (weapon)
Armour
 c - a +0 robe (worn)
Jewellery
 d - a ring of resist corrosion (left hand)
Scrolls
 b - a scroll of identify
 h - a scroll of blinking {unknown}
 j - a scroll of noise {unknown}
Potions
 e - a potion of mutation
 f - a potion of enlightenment {unknown}
 g - 3 potions of curing
 i - a potion of attraction {unknown}

Dungeon Overview and Level Annotations

Branches:
Dungeon (4/15)
 Temple: D:4-7

Altars:
Cheibriados
Dithmenos
Hepliaklqana
Makhleb
Qazlal
Trog
Uskayaw
Yredelemnul

Annotations:
D:4 Pargi


Message History

You shoot an arrow. The arrow hits Pargi!
Pargi is heavily wounded.
Pargi hisses menacingly.
Pargi completely misses you. Pargi barely misses you. Pargi claws you.
You shoot an arrow. The arrow hits Pargi!
Pargi is heavily wounded.
Pargi completely misses you.
Pargi closely misses you. x2; Pargi misses you.
Pargi completely misses you. Pargi misses you.
You shoot an arrow. The arrow barely misses Pargi.
Pargi bites you but does no damage. Pargi claws you. x2
You shoot an arrow. The arrow closely misses Pargi.
Pargi barely misses you. Pargi closely misses you. Pargi misses you.
You shoot an arrow. The arrow hits Pargi.
Pargi is heavily wounded.
Pargi misses you. Pargi claws you. Pargi misses you.
You shoot an arrow. The arrow hits Pargi.
Pargi is severely wounded.
Pargi bites you. Pargi completely misses you. Pargi barely misses you.
You shoot an arrow. The arrow misses Pargi.
Pargi bites you. Pargi completely misses you. Pargi misses you.
You shoot an arrow. The arrow hits Pargi.
Pargi is severely wounded.
Pargi misses you. Pargi barely misses you. Pargi misses you.
Pargi looks around nervously.
Pargi bites you but does no damage. Pargi barely misses you. Pargi claws you.
You shoot an arrow. The arrow hits Pargi.
Pargi is severely wounded.
Pargi completely misses you. Pargi barely misses you. Pargi closely misses you.
You shoot an arrow. The arrow closely misses Pargi.
Pargi barely misses you. Pargi closely misses you. x2
You shoot an arrow. The arrow hits Pargi.
Pargi is severely wounded.
Pargi completely misses you. Pargi claws you. Pargi misses you.
You shoot an arrow. The arrow misses Pargi.
Pargi snarls, "My home!
Leave!"
Pargi bites you. Pargi barely misses you. Pargi claws you.
You shoot an arrow. The arrow hits Pargi.
Pargi is severely wounded.
Pargi bites you!
You die...

#.......<#.#####..._...##......
#.......##.####.._..._..#......
#........#.#..#....#....#......
##.......#.#..#._.###.}.#..(...
#.......#.#..#...##....#......
#.......#.#..#...#..8..#...#..
#.......#.#......#....##...##.
#.......#.#..T.###[}.###._.##.
#####..%..#..@.# #....#....##.
#.#...+....# #.._..._..##.
#+#####...## ##..._...## .
#...# ##.....## ..... #######
#####. . .#


You could see Pargi.

Vanquished Creatures
  2 hounds (D:4)
  Jessica (D:2)
  2 adders
  3 dart slugs
  A ribbon worm (D:4)
  4 orcs
  6 endoplasms
  A giant cockroach (D:1)
  5 goblins
  2 hobgoblins (D:1)
  2 jackals (D:3)
  3 kobolds
  6 quokkas
  3 ball pythons
  7 bats
  4 frilled lizards
  5 rats
57 creatures vanquished.

Notes
Turn   | Place    | Note
-------+----------+-------------------------------------------
     0 | D:1      | qw the Spriggan Hunter began the quest for the Orb.
     0 | D:1      | Reached XP level 1. HP: 10/10 MP: 2/2
     0 | D:1      | 0 ||| qw: Version: 0.3-a-155-g5e7d8dd
     0 | D:1      | 0 ||| qw: Game counter: 2700
     0 | D:1      | 0 ||| qw: Melee chars always use a shield: true
     0 | D:1      | 0 ||| qw: God list: Okawaru
     0 | D:1      | 0 ||| qw: Allow faded altars: false
     0 | D:1      | 0 ||| qw: Do Orc after clearing Dungeon:15 true
     0 | D:1      | 0 ||| qw: Do second Lair branch before Depths: true
     0 | D:1      | 0 ||| qw: Lair rune preference: random
     0 | D:1      | 0 ||| qw: Goals: Normal
     0 | D:1      | 0 ||| PLANNING D:1-11
     1 | D:1      | Noticed an electric eel
    70 | D:1      | Reached skill level 3 in Dodging
   193 | D:1      | Reached XP level 2. HP: 14/14 MP: 3/3
   217 | D:1      | Found a faded altar of an unknown god.
   703 | D:1      | 703 ||| READING scroll labelled JUGRIO DIKIMP.
   704 | D:1      | 704 ||| READING scroll labelled GICAYD ENETU.
   704 | D:1      | 704 ||| IDENTIFYING pink potion
   705 | D:1      | 705 ||| DRINKING 2 fuming clear potions.
   706 | D:1      | 706 ||| DROPPING scroll of butterflies.
   782 | D:2      | Reached XP level 3. HP: 18/18 MP: 4/4
   886 | D:2      | Noticed Jessica
   894 | D:2      | 894 ||| FLEEEEING.
   895 | D:2      | 895 ||| FLEEEEING.
   896 | D:2      | 896 ||| FLEEEEING.
   898 | D:2      | 898 ||| FLEEEEING.
   899 | D:2      | 899 ||| FLEEEEING.
   903 | D:2      | 903 ||| FLEEEEING.
   904 | D:2      | 904 ||| FLEEEEING.
   909 | D:2      | 909 ||| DRINKING potion of haste.
   910 | D:2      | Killed Jessica
   973 | D:2      | Reached XP level 4. HP: 22/22 MP: 5/5
  1258 | D:2      | 1258 ||| READING scroll labelled KEAMUH VIEPUSS.
  1258 | D:2      | 1258 ||| ENCHANTING +0 shortbow.
  1259 | D:2      | 1259 ||| READING scroll labelled QEEN NA ACW.
  1834 | D:3      | 1834 ||| UPGRADING to ring of resist corrosion.
  1835 | D:3      | 1835 ||| READING 3 scrolls of identify.
  1835 | D:3      | 1835 ||| IDENTIFYING bubbling grey potion
  1836 | D:3      | 1836 ||| READING 2 scrolls of identify.
  1836 | D:3      | 1836 ||| IDENTIFYING gluggy blue potion
  1837 | D:3      | 1837 ||| READING scroll of identify.
  1837 | D:3      | 1837 ||| IDENTIFYING 2 puce potions
  1838 | D:3      | 1838 ||| READING scroll labelled WIL RACWUO.
  1939 | D:3      | 1939 ||| DRINKING 4 bubbling ruby potions.
  1940 | D:3      | 1940 ||| DROPPING 2 potions of brilliance.
  1941 | D:3      | 1941 ||| DROPPING potion of lignification.
  2021 | D:4      | HP: 5/23 [orc/+0 mace (6)]
  2022 | D:4      | 2022 ||| DRINKING potion of heal wounds.
  2026 | D:4      | Reached XP level 5. HP: 26/26 MP: 6/6
  2253 | D:4      | Found a stormy altar of Qazlal.
  2255 | D:4      | Found a basalt altar of Yredelemnul.
  2256 | D:4      | Found a hide-covered altar of Uskayaw.
  2260 | D:4      | Found a burning altar of Makhleb.
  2264 | D:4      | Found a shadowy altar of Dithmenos.
  2267 | D:4      | Found a bloodstained altar of Trog.
  2271 | D:4      | Found a hazy altar of Hepliaklqana.
  2272 | D:4      | Found a snail-covered altar of Cheibriados.
  2284 | D:4      | Noticed Pargi
  2300 | D:4      | Slain by Pargi

Levels and vault maps discovered:
D:1:      arrival_aquarium_a, layout_basic,
          hellmonk_ecumenical_altar_arch_garden, grunt_decor_cap
D:2:      layout_rooms, chequers_serial_rivers_small_3, due_unseen_surprise,
          uniq_jessica
D:3:      layout_loops_ring
D:4:      layout_basic, nicolae_overflow_hallway_of_the_gods, uniq_pargi

Skill      XL: |  1  2  3  4  5 |
---------------+----------------+-----
Dodging        | 3 4 5 |  5.5
Ranged Weapons | 5 |  5.0
Fighting       | 2 |  2.2
Stealth        | |  1.5

Action                     |  1- 3 |  4- 6 || total
---------------------------+-------+-------++-------
   Fire: Shortbow          |    81 |   101 ||   182
    Use: Scroll            |     2 |     6 ||     8
         Potion            |     2 |     2 ||     4
 Armour: Robe              |     7 |    24 ||    31
  Dodge: Dodged            |    20 |    67 ||    87

Table legend:
 A = Non-vault XP
 B = Vault XP
 C = Vault XP percentage of total XP
 D = Non-vault monster count
 E = Vault monster count
 F = Vault count percentage of total count
                 A         B        C        D         E       F
            +---------+---------+-------+---------+---------+-------
      Total |     206 |      37 |  15.2 |      56 |       1 |   1.8
            +---------+---------+-------+---------+---------+-------
        D:1 |      38 |       0 |   0.0 |      23 |       0 |   0.0
        D:2 |      24 |      37 |  60.7 |      11 |       1 |   8.3
        D:3 |      40 |       0 |   0.0 |      15 |       0 |   0.0
        D:4 |     104 |       0 |   0.0 |       7 |       0 |   0.0
            +---------+---------+-------+---------+---------+-------
